 Dungeon Crawl Stone Soup version 0.30-a0-586-g23e55c9e0a (webtiles) character file.

Game seed: 8785946519802285905

2879 bmack86 the Cleaver (level 9, -1/78 (79) HPs)
             Began as a Minotaur Fighter on Jan 3, 2023.
             Was a Priest of Okawaru.
             Slain by a basilisk (3 damage)
             ... while petrified by a basilisk
             ... on level 7 of the Dungeon.
             The game lasted 00:19:38 (7127 turns).

bmack86 the Cleaver (Minotaur Fighter)              Turns: 7127, Time: 00:19:38

HP:   -1/78 (79)    AC: 19    Str: 25    XL:     9   Next: 48%
MP:   18/19         EV:  2    Int:  5    God:    Okawaru [***...]
Gold: 585           SH:  0    Dex:  7    Spells: 8/8 levels left

rFire   + . .      SeeInvis .    q - +1 hand axe (elec)
rCold   . . .      Faith    .    c - +0 buckler
rNeg    + + +      Spirit   .    b - +0 plate armour of Virtue {rF+ rN+ MP+9 Dex-3}
rPois   ∞          Reflect  +    (helmet restricted)
rElec   .          Harm     .    x - +0 cloak
rCorr   +          Rampage  .    (no gloves)
Will    .....                    v - +1 pair of boots Stlth
                                 j - amulet of reflection
HPRegen 0.33/turn                w - ring of positive energy
MPRegen 0.16/turn                u - ring of resist corrosion

@: petrified, heroic, lightly drained
A: horns 2, retaliatory headbutt
a: Renounce Religion, Heroism


You were on level 7 of the Dungeon.
You worshipped Okawaru.
Okawaru was most pleased with you.
You visited 2 branches of the dungeon, and saw 9 of its levels.
You also visited: Sewer.

You collected 585 gold pieces.

Inventory:

Hand Weapons
 a - a +0 war axe
 q - a +1 hand axe of electrocution (weapon)
Missiles
 p - 6 poisoned darts (quivered)
Armour
 b - the +0 plate armour of Virtue (worn) {rF+ rN+ MP+9 Dex-3}
   (You found it on level 7 of the Dungeon)

   Dex:       It affects your dexterity (-3).
   rF:        It protects you from fire.
   rN:        It protects you from negative energy.
   MP:        It affects your magic capacity (+9).
 c - a +0 buckler (worn)
 v - a +1 pair of boots (worn)
 x - a +0 cloak (worn)
 z - a +0 chain mail
Jewellery
 j - an amulet of reflection (around neck)
 t - a ring of protection from cold
 u - a ring of resist corrosion (right hand)
 w - a ring of positive energy (left hand)
Wands
 r - a wand of roots (6)
 y - a wand of quicksilver (11)
Scrolls
 e - 6 scrolls of immolation
 g - 2 scrolls of identify
 i - a scroll of vulnerability
 m - a scroll of magic mapping
 n - a scroll of fear
 A - a scroll of teleportation
Potions
 d - 2 potions of might
 f - 3 potions of attraction
 h - 2 potions of berserk rage
 k - 2 potions of mutation
 l - 7 potions of flight
 o - a potion of heal wounds
 s - 2 potions of curing
 B - a potion of lignification


   Skills:
 + Level 7.3(12.3) Fighting
 * Level 9.5(14.5) Axes
 + Level 3.9(8.9) Throwing
 + Level 7.3(12.3) Armour
 + Level 7.4(12.4) Shields
 + Level 3.0 Invocations


You had 8 spell levels left.
You didn't know any spells.
Your spell library contained the following spells:

 Spells                   Type           Power      Damage    Failure   Level
 Necrotise                Necr           0%         1d4       99%         1
 Sandblast                Erth           0%         2d4       99%         1
 Sting                    Tmut/Pois      0%         1d3       99%         1
 Ensorcelled Hibernation  Hex/Ice        0%         N/A       100%        2
 Passwall                 Tmut/Erth      0%         N/A       100%        2
 Poisonous Vapours        Pois/Air       0%         N/A       100%        2
 Sublimation of Blood     Necr           0%         N/A       100%        2
 Portal Projectile        Hex/Tloc       0%         N/A       100%        3
 Spider Form              Tmut/Pois      0%         N/A       100%        3
 Stone Arrow              Conj/Erth      0%         3d7       100%        3
 Anguish                  Hex/Necr       0%         N/A       100%        4
 Olgreb's Toxic Radiance  Pois           0%         N/A       100%        4
 Petrify                  Tmut/Erth      0%         N/A       100%        4
 Blade Hands              Tmut           0%         N/A       100%        5
 Irradiate                Conj/Tmut      0%         3d11      100%        5
 Conjure Ball Lightning   Conj/Air       0%         3x3d6     100%        6
 Tukima's Dance           Hex            Unusable   N/A       N/A         3

Dungeon Overview and Level Annotations

Branches:
Dungeon (8/15)             Temple (1/1) D:5           Sewer (visited)
   Lair: D:8-11

Altars:
Cheibriados
Elyvilon
Hepliaklqana
Makhleb
Nemelex Xobeh
Okawaru
Qazlal
Sif Muna
Wu Jian
Xom
Yredelemnul
Zin
The Shining One

Shops:
D:5 *

Portals:
Abyss: D:3

Annotations:
D:3 2 transporters, bchevrier's ghost, novice GnWn


Innate Abilities, Weirdness & Mutations

You have a pair of horns on your head.
You reflexively headbutt those who attack you in melee.


Message History

Things that are here:
a +3 falchion of freezing; a +0 robe The wight hits you with a +4 short sword.
* * * LOW HITPOINT WARNING * * *
The basilisk gazes at you. You resist with some effort.
You climb upwards.
There is a stone staircase leading down here.
You gain the combat prowess of a mighty hero.
The wight barely misses you. You furiously retaliate!
You headbutt the wight! The basilisk gazes at you.
You are slowing down.
The wight hits you with a +4 short sword.
* * * LOW HITPOINT WARNING * * *
You partially resist.
You feel drained. You block the basilisk's attack.
You block the wight's attack.
Your limbs are stiffening.
You barely miss the basilisk. You hit the wight but do no damage.
The basilisk bites you!
* * * LOW HITPOINT WARNING * * *
The wight hits you with a +4 short sword!
* * * LOW HITPOINT WARNING * * *
You have turned to stone.
The basilisk bites you but does no damage.
The wight hits you but does no damage. The basilisk bites you.
The wight hits you but does no damage. The basilisk gazes at you.
The wight hits you but does no damage. The basilisk gazes at you.
You resist with some effort.
The wight hits you with a +4 short sword.
* * * LOW HITPOINT WARNING * * *
The basilisk gazes at you. You resist with some effort.
The wight hits you but does no damage. The basilisk bites you.
* * * LOW HITPOINT WARNING * * *
The wight hits you but does no damage.
The basilisk bites you but does no damage.
The wight completely misses you. The basilisk bites you.
You die...

..#.#.#######.#.###.............#
..#.............................#
..###.#######.#.........[........
...........##.#.................#
.......###.##.#.....#'##......♣♣♣
..###### #.##.#.....#.##.###♣♣♣♣♣
#.# #....#...#.#.##.##~~~~P~ #.#
####...>##.#.##.#♣PP~~~~
#.####### #.#z@l..#.##....~~~~~
#.))))..# #.#..####.##........~
#######.# #....# #.##.........
#...# #)# ###..####.♣♣♣~~..~~~.
#.#.# #.# #......♣P~~~~~~~~♣P
#.#.# #.# ######♣P~~~~~≈P~~~~
#.#.# #.# #♣~~~~~≈≈~≈~P #.#.# #.#
#♣♣♣~~~≈~~~~ #.#.###.# ♣♣♣~P≈~P~


You could see a basilisk and a wight.

Vanquished Creatures
  Prince Ribbit (D:6)
  A yak (D:8)
  Duvessa (D:6)
  2 water moccasins
  3 orc warriors
  2 ice beasts
  An ogre (D:5)
  2 centaurs
  A phantom (D:5)
  A necrophage (D:5)
  A kobold brigand (D:7)
  2 bullfrogs
  A wight (D:8)
  2 scorpions (D:6)
  Dowan (D:6)
  5 killer bees (D:7)
  A howler monkey (D:8)
  5 orc priests
  A hound (D:5)
  5 iguanas
  Terence (D:3)
  4 orc wizards
  13 adders
  3 river rats (Sewer)
  2 white imps
  An ufetubus (D:4)
  4 worms
  A dart slug (D:5)
  17 orcs
  8 endoplasms
  8 giant cockroaches
  5 hobgoblins
  5 jackals
  6 quokkas
  6 ball pythons
  7 bats
  9 frilled lizards
  10 goblins
  10 kobolds
  6 rats
165 creatures vanquished.

Vanquished Creatures (others)
  2 plants
2 creatures vanquished.

Grand Total: 167 creatures vanquished

Notes
Turn   | Place    | Note
-------+----------+-------------------------------------------
     0 | D:1      | bmack86 the Minotaur Fighter began the quest for the Orb.
     0 | D:1      | Reached XP level 1. HP: 19/19 MP: 0/0
   272 | D:1      | Found a faded altar of an unknown god.
   274 | D:1      | Reached XP level 2. HP: 19/27 MP: 1/1
   518 | D:1      | Reached skill level 3 in Axes
   975 | D:2      | Reached XP level 3. HP: 33/33 MP: 2/2
  1901 | D:3      | Reached XP level 4. HP: 32/40 MP: 3/3
  1944 | D:3      | Noticed Terence
  1949 | D:3      | Killed Terence
  1950 | D:3      | Reached skill level 4 in Axes
  2091 | D:3      | Found a transporter.
  2095 | D:3      | Found a transporter.
  2141 | D:3      | Noticed an ancient zyme
  2157 | D:3      | Noticed a small abomination
  2157 | D:3      | Noticed bchevrier's ghost (novice GnWn)
  2158 | D:3      | Found a one-way gate to the infinite horrors of the Abyss.
  2608 | D:4      | Found an ornate altar of the Wu Jian Council.
  2626 | D:4      | Found a glowing drain.
  2656 | D:4      | Reached XP level 5. HP: 40/47 MP: 4/4
  2691 | Sewer    | Entered a sewer
  3063 | Sewer    | Reached skill level 5 in Axes
  3163 | D:4      | Noticed an orc warrior
  3178 | D:4      | Killed an orc warrior
  3179 | D:4      | Reached skill level 5 in Armour
  3179 | D:4      | Reached skill level 5 in Shields
  3179 | D:4      | Reached XP level 6. HP: 5/55 MP: 5/5
  3180 | D:4      | Reached skill level 5 in Fighting
  3181 | D:4      | HP: 2/56 [orc/+0 hand axe (4)]
  3472 | D:4      | Reached skill level 6 in Axes
  3957 | D:5      | Entered Level 5 of the Dungeon
  3970 | D:5      | Reached XP level 7. HP: 36/61 MP: 6/6
  4168 | D:5      | Found a staircase to the Ecumenical Temple.
  4174 | Temple   | Entered the Ecumenical Temple
  4210 | Temple   | Became a worshipper of Warmaster Okawaru
  4409 | D:5      | Reached skill level 1 in Throwing
  4421 | D:5      | Reached skill level 7 in Axes
  4431 | D:5      | Reached * piety under Okawaru
  4615 | D:5      | Found Ydoick's Fire Supplies.
  4996 | D:6      | Noticed Prince Ribbit
  5008 | D:6      | Killed Prince Ribbit
  5009 | D:6      | Reached XP level 8. HP: 35/70 MP: 7/7
  5311 | D:6      | Got the Parchment of Foggy Stolen Souls
  5603 | D:6      | Noticed Duvessa
  5603 | D:6      | Noticed Dowan
  5611 | D:6      | Killed Duvessa
  5612 | D:6      | Reached skill level 8 in Axes
  5612 | D:6      | Reached skill level 1 in Invocations
  5621 | D:6      | Killed Dowan
  5738 | D:6      | Reached ** piety under Okawaru
  6296 | D:7      | Reached XP level 9. HP: 78/78 MP: 9/9
  6602 | D:7      | Reached skill level 9 in Axes
  6622 | D:7      | Identified the +0 plate armour of Virtue {rF+ rN+ MP+9
                  | Dex-3}
  6846 | D:7      | Found a glowing silver altar of Zin.
  7085 | D:8      | Reached *** piety under Okawaru
  7125 | D:7      | HP: 1/78 [basilisk (3)]
  7127 | D:7      | Slain by a basilisk

Illustrated notes

Levels and vault maps discovered:
D:1:      spicycebolla_green_bress_n_ham_2, layout_basic,
          shapermc_ecumenical_altar_acropolis, grunt_decor_resistance
D:2:      minmay_recursive_quarters, layout_loops_ring,
          kennysheep_generic_room_7
D:3:      layout_loops_ring, gammafunk_ghost_abyssal_escape, uniq_terence
D:4:      layout_cave_pools, nicolae_wu_jian_wuxing_cycle,
          gup_sewer_entry_glass, dk_noncrumbling_3, guppyfry_early_orc_mine
D:5:      layout_basic, minmay_temple_entry_nine_rooms, nicolae_shop_fire_sale
          [nicolae_sub_dead_trees]
D:6:      layout_gridville, nicolae_eternal_life, uniq_prince_ribbit1,
          uniq_duvessa
D:7:      layout_basic, zin_scriptorium, serial_bayou_ford_a,
          kennysheep_nondescript
D:8:      cheibrodos_helix_gallery, layout_loops_ring,
          overflow_temple_1_default, gammafunk_ghost_hydra_chop,
          chequers_serial_rivers_micro_c
Temple:   hellmonk_temple_of_storms

Skill      XL: |  1  2  3  4  5  6  7  8  9 |
---------------+----------------------------+-----
Axes           | 3 4 5 6 7 8 9 |  9.5
Armour         | 4 5 6 7 |  7.3
Shields        | 4 5 6 7 |  7.4
Fighting       | 4 5 6 7 |  7.3
Throwing       | 2 3 |  3.9
Invocations    | 2 3 |  3.0

Action                   |  1- 3 |  4- 6 |  7- 9 || total
-------------------------+-------+-------+-------++-------
Melee: War axe           |    81 |   115 |       ||   196
       Headbutt          |    18 |    20 |    25 ||    63
       Hand axe          |       |    30 |   168 ||   198
Throw: Dart              |       |       |     2 ||     2
Invok: Heroism           |       |       |     2 ||     2
  Use: Scroll            |     4 |     9 |     3 ||    16
       Potion            |       |     2 |     1 ||     3
Armor: Scale mail        |    49 |    76 |     6 ||   131
       Chain mail        |       |       |    34 ||    34
       Plate armour      |       |       |    26 ||    26
Dodge: Dodged            |    48 |    84 |    49 ||   181
Block: Buckler           |    18 |    37 |    88 ||   143
       Reflection        |       |     3 |     4 ||     7

Table legend: (Time is in decaauts)
 A = Elapsed time spent in this place.
 B = Non-inter-level travel time spent in this place.
 C = Inter-level travel time spent in this place.
 D = Time resting spent in this place.
 E = Time spent auto-exploring this place.
 F = Levels seen in this place.
 G = Mean time per level.
                   A        B        C        D        E       F      G
               +--------+--------+--------+--------+--------+-----+--------+
         Total |   7286 |   7031 |    255 |    476 |   4667 |  10 |  728.6 |
       Dungeon |   6681 |   6426 |    255 |    427 |   4463 |   8 |  835.1 |
        Temple |     51 |     51 |      0 |      0 |     17 |   1 |   51.0 |
         Sewer |    553 |    553 |      0 |     49 |    187 |   1 |  553.0 |
               +--------+--------+--------+--------+--------+-----+--------+

Top non-repeatable levels by time:
     D:7: 1086 daAuts
     D:2: 1038 daAuts
     D:6: 990 daAuts
     D:4: 971 daAuts
     D:5: 941 daAuts
     D:1: 882 daAuts
     D:3: 716 daAuts
   Sewer: 553 daAuts
     D:8: 55 daAuts
  Temple: 51 daAuts
